[Event "Early-Titled-Tuesday-Blitz-August-29-2023"]
[Site "Chess.com"]
[Date "2023.08.29"]
[Round "3"]
[White "CalinGheorghiu"]
[Black "cthake"]
[Result "0-1"]
[WhiteElo "2331"]
[BlackElo "1863"]
[TimeControl "180+1"]
[EndTime "8:28:42 PDT"]
[Termination "cthake won on time"]

1. e4 c5 2. Nf3 Nc6 3. Bb5 d6 4. h3 e5 5. O-O Be7 6. c3 a6 7.
Ba4 b5 8. Bb3 Na5 9. Bc2 Nf6 10.
Re1 Bb7 11. d4 cxd4 12. cxd4 Nc6 13. Nc3 O-O 14. Bg5 h6 15. Bh4 b4 16. Na4 Rc8 17.
Rc1 Re8 18. Bg3 Nh5 19. Bh2 Nf4 20. Bxf4 exf4 21. Qd2 Bg5 22. h4 Bf6 23. Qxf4 Nxd4 24. Nxd4 Bxd4 25. Bb3 Qf6 26. Qxf6 Bxf6 27. Rxc8 Rxc8 28.
Nb6 Re8 29. Nc4 d5 30. Nd6 Re7 31. Nxb7 Rxb7 32. Bxd5 Re7 33. b3 Bxh4 34. Rc1 Bf6 35. Rc6 Ra7 0-1

[Event "Early-Titled-Tuesday-Blitz-August-29-2023"]
[Site "Chess.com"]
[Date "2023.08.29"]
[Round "3"]
[White "Druid24"]
[Black "Biregina"]
[Result "1-0"]
[WhiteElo "2663"]
[BlackElo "2459"]
[TimeControl "180+1"]
[EndTime "8:28:43 PDT"]
[Termination "Druid24 won on time"]

1. d4 d6 2. Bf4 Nd7 3. Nf3 c6 4. Nc3 Qc7 5. e4 e5 6. Bg3 Ngf6 7. a4 a5 8. Bc4 Be7 9. O-O O-O 10. Re1 Re8 11.
Ba2 Bf8 12. Qe2 b6 13. Qc4 Re7 14. Rad1 Ba6 15. Qb3 exd4 16. Rxd4 Nc5 17. Qa3 Rd7 18. Red1 Nh5 19. b4 axb4 20. Qxb4 Nxg3 21. hxg3 d5 22.
Qb2 dxe4 23. Rxd7 Nxd7 24. Nxe4 Nc5 25. Neg5 h6 26. Nxf7 Kh7 27. c3 Re8 28. Qc2+ Ne4 29. Re1 c5 30. Rxe4 Rxe4 31. Qxe4+ g6 32. N3e5 1-0

[Event "Early-Titled-Tuesday-Blitz-August-29-2023"]
[Site "Chess.com"]
[Date "2023.08.29"]
[Round "3"]
[White "likantrophuss"]
[Black "DKmirl"]
[Result "1-0"]
[WhiteElo "2546"]
[BlackElo "2245"]
[TimeControl "180+1"]
[EndTime "8:28:44 PDT"]
[Termination "likantrophuss won by resignation"]

1. e4 c5 2. Nf3 Nc6 3. Nc3 g6 4. Bc4 Bg7 5. d3 d6 6. h3 Nf6 7. Qd2 O-O 8. Qf4 Nd4 9. Nxd4 cxd4 10. Ne2 e5 11. Qh4 d5 12. exd5 Nxd5 13. Bg5 Qa5+ 14.
Bd2 Qd8 15. Qxd8 Rxd8 16. a4 Be6 17. a5 f5 18. O-O Nc7 19. Bxe6+ Nxe6 20. Rfc1 Rac8 21.
Ra4 Rc6 22. Rb4 Nc5 23. Rb5 a6 24. Rb4 Rdc8 25. f3 Bf8 26. Rc4 Nd7 27. Rxc6 Rxc6 28. f4 Bh6 29. g4 fxg4 30. hxg4 Bg7 31. Kg2 e4 32. dxe4 Nc5 33. Kf3 Na4 34. b3 Nc5 35. e5 Kf7 36. Nxd4 Rc8 37. Be3 Ne6 38. Nxe6 Kxe6 39. Ke4 Bf8 40. f5+ gxf5+ 41. gxf5+ Kf7 42. c4 Bb4 43. Rh1 Kg8 44. e6 Bxa5 45. Bd4 Re8 46.
Rg1+ Kf8 47. Bc5+ 1-0

[Event "Early-Titled-Tuesday-Blitz-August-29-2023"]
[Site "Chess.com"]
[Date "2023.08.29"]
[Round "3"]
[White "Kopytkin"]
[Black "Hoshka"]
[Result "1-0"]
[WhiteElo "2371"]
[BlackElo "1997"]
[TimeControl "180+1"]
[EndTime "8:28:47 PDT"]
[Termination "Kopytkin won on time"]

1. d4 d5 2. e4 dxe4 3. Nc3 Nf6 4. f3 exf3 5. Nxf3 Bf5 6. Bc4 e6 7. O-O Nbd7 8. Bg5 Be7 9. Qe1 O-O 10. Rd1 c6 11.
Ne5 Nb6 12. Bb3 Nbd5 13. Nxd5 cxd5 14. c3 Ne4 15. Bf4 Bg5 16. Bc2 Bxf4 17. Rxf4 b5 18. g4 Bg6 19. Nxg6 hxg6 20. Bxe4 dxe4 21. Qxe4 Qd5 22.
Qxd5 exd5 23. Re1 Rfe8 24. Rff1 f6 25. Kf2 Kf7 26. Re3 Rxe3 27. Kxe3 Re8+ 28. Kd3 Re4 29.
h3 g5 30. b3 Ke6 31. c4 bxc4+ 32. bxc4 Rf4 33. Re1+ Kd6 34. c5+ Kd7 35. Re3 Rf2 36. Re2 Rf3+ 37. Re3 Rf2 38. Kc3 Rxa2 39. Kb4 Rd2 40. Kb5 Rb2+ 41. Ka6 Rb4 42. Rd3 1-0

[Event "Early-Titled-Tuesday-Blitz-August-29-2023"]
[Site "Chess.com"]
[Date "2023.08.29"]
[Round "3"]
[White "Zhigalko_Sergei"]
[Black "attack2mateU"]
[Result "1-0"]
[WhiteElo "2941"]
[BlackElo "2735"]
[TimeControl "180+1"]
[EndTime "8:28:48 PDT"]
[Termination "Zhigalko_Sergei won by resignation"]

1. e4 c5 2. c3 Nf6 3. e5 Nd5 4.
Nf3 d6 5. Bc4 Nb6 6. Bb3 c4 7.
Bc2 dxe5 8. Nxe5 Qd5 9. Qe2 f6 10. Nf3 Qe6 11. d4 cxd3 12. Bxd3 Qxe2+ 13. Bxe2 e5 14.
O-O Nc6 15. Rd1 Be6 16. b3 Be7 17. c4 a5 18. Nc3 Bb4 19. Nb5 Rc8 20. Be3 Nd7 21. Nd2 f5 22. Nf3 f4 23. Bd2 Ke7 24.
Ng5 Bf5 25. Bf3 Nf6 26. Bxb4+ axb4 27. Nd6 Bg6 28. Nxc8+ Rxc8 29. Re1 h6 30. Bxc6 hxg5 31. Rxe5+ Kd6 32. Rxg5 1-0

[Event "Early-Titled-Tuesday-Blitz-August-29-2023"]
[Site "Chess.com"]
[Date "2023.08.29"]
[Round "3"]
[White "Genghis_K"]
[Black "Ural_bogatyr"]
[Result "1-0"]
[WhiteElo "2893"]
[BlackElo "2579"]
[TimeControl "180+1"]
[EndTime "8:28:49 PDT"]
[Termination "Genghis_K won on time"]

1. e4 e5 2. Nf3 Nc6 3. d4 exd4 4. Nxd4 Nf6 5. Nxc6 bxc6 6. Bd3 d5 7. exd5 cxd5 8.
O-O Be7 9. c4 d4 10. Nd2 O-O 11.
Ne4 Bb7 12. Nxf6+ Bxf6 13. b4 Re8 14. Bf4 a5 15. b5 Qe7 16. Re1 Qc5 17. Qg4 g6 18.
Qd7 Rxe1+ 19. Rxe1 Qb4 20. Rd1 Qa4 21. Rd2 Qa3 22. Qxc7 Be4 23. Bf1 Qc3 24. b6 Qb4 25. c5 g5 26. c6 gxf4 27. b7 Re8 28. Re2 Be5 29. Qd7 Bxc6 30. Qxc6 f6 31. Qxe8+ 1-0

[Event "Early-Titled-Tuesday-Blitz-August-29-2023"]
[Site "Chess.com"]
[Date "2023.08.29"]
[Round "3"]
[White "MathiasWomacka"]
[Black "chess123456s"]
[Result "1-0"]
[WhiteElo "2470"]
[BlackElo "2647"]
[TimeControl "180+1"]
[EndTime "8:28:49 PDT"]
[Termination "MathiasWomacka won by checkmate"]

1. e4 e5 2. Nf3 Nc6 3. Bb5 a6 4. Bxc6 dxc6 5. O-O Bd6 6. d4 exd4 7. Qxd4 f6 8. Be3 Ne7 9. Nbd2 Be6 10. Qc3 Qd7 11.
Nc4 Bxc4 12. Qxc4 O-O-O 13. Rad1 Qg4 14. h3 Qg6 15. Bc5 f5 16. e5 Bxc5 17. Qxc5 Nd5 18. Qa7 Nb6 19. a4 a5 20. b4 Rxd1 21. Rxd1 Rd8 22. Rxd8+ Kxd8 23. bxa5 Nd5 24. Qxb7 Nf4 25. g3 Nxh3+ 26. Kg2 Qg4 27. Qxc6 Nf4+ 28. Kf1 Qh3+ 29. Ke1 Ng2+ 30. Ke2 Qh1 31. e6 Ke7 32. Qd7+ Kf6 33. Qf7# 1-0

[Event "Early-Titled-Tuesday-Blitz-August-29-2023"]
[Site "Chess.com"]
[Date "2023.08.29"]
[Round "3"]
[White "kacprekt"]
[Black "assezde36"]
[Result "0-1"]
[WhiteElo "2419"]
[BlackElo "2824"]
[TimeControl "180+1"]
[EndTime "8:28:52 PDT"]
[Termination "assezde36 won by resignation"]

1. g3 e5 2. Bg2 d5 3. d3 c6 4.
Nf3 Bd6 5. O-O Nf6 6. c4 dxc4 7. dxc4 O-O 8. Nc3 h6 9. h3 Be6 10. Nd2 Na6 11. b3 Qd7 12. Kh2 Rad8 13. Nde4 Nxe4 14. Nxe4 Be7 15. Bb2 f5 16. Qxd7 Rxd7 17. Nc3 Rd2 18. Rab1 Bb4 19. Na4 e4 20. a3 Be7 21. Rfe1 b5 22. cxb5 cxb5 23. Nc3 Bf6 24. f3 Rxb2 25. Nxb5 Rb8 26. Nxa7 R8xb3 27. Rxb2 Rxb2 28. fxe4 fxe4 29. Bxe4 Bc3 30. Rc1 Rxe2+ 31. Kh1 Bd4 32. Bf3 Rf2 33. Rc6 Rxf3 34. Rxe6 Rxa3 35. Nb5 Ra1+ 36. Kg2 Bf6 37.
Nd6 Ra2+ 38. Kf3 Ra3+ 39. Kg4 Nc5 40. Re8+ Kh7 41. h4 Nd7 42. h5 Ne5+ 43. Kf5 Ra5 44. Ke6 Ng4 45. Nf7 Rxh5 46. Rh8+ Kg6 0-1

[Event "Early-Titled-Tuesday-Blitz-August-29-2023"]
[Site "Chess.com"]
[Date "2023.08.29"]
[Round "3"]
[White "Iball95"]
[Black "BrandonJacobson"]
[Result "0-1"]
[WhiteElo "2773"]
[BlackElo "3000"]
[TimeControl "180+1"]
[EndTime "8:28:53 PDT"]
[Termination "BrandonJacobson won by checkmate"]

1. e4 c5 2. Nf3 d6 3. Nc3 Nc6 4.
Bb5 e5 5. O-O Ne7 6. Nd5 Bd7 7. c3 a6 8. Bc4 b5 9. Nxe7 Nxe7 10. Bb3 c4 11. Bc2 Ng6 12. d4 cxd3 13.
Bxd3 Be7 14. c4 O-O 15. Be3 Qc7 16. Rc1 Qb7 17. cxb5 axb5 18. a3 b4 19. axb4 Qxb4 20. Rc7 Be6 21. Qd2 Rfb8 22. Rfc1 Qxd2 23. Nxd2 Rxb2 24. Nc4 Rb3 25. Bf1 h6 26. g3 Bd8 27.
Rc6 d5 28. exd5 Bxd5 29. Rd6 Be6 30. h4 Rc8 31. h5 Nf8 32. Nxe5 Rxc1 33. Bxc1 Bc7 34.
Rd3 Bxe5 35. Rxb3 Bxb3 36. f4 Bd4+ 37. Kg2 Bd1 38. Bc4 Bxh5 39. Ba3 Nd7 40. Kh3 Nf6 41. Kh4 Be3 42. Be7 g5+ 43. fxg5 hxg5+ 44. Kh3 Bg4+ 45.
Kg2 Ne4 46. Bd5 Nd2 47. Bc6 Kg7 48. Bb4 f5 49. Bc3+ Kf7 50. Bd5+ Ke7 51. Bb4+ Kd7 52. Bc3 Be2 53. Be5 g4 54. Bc3 Bf3+ 55. Bxf3 gxf3+ 56. Kh3 f2 57. Bxd2 f1=Q+ 58. Kh4 Qh1# 0-1

[Event "Early-Titled-Tuesday-Blitz-August-29-2023"]
[Site "Chess.com"]
[Date "2023.08.29"]
[Round "3"]
[White "Alexander_Moskalenko"]
[Black "FARIZA2018"]
[Result "1-0"]
[WhiteElo "2848"]
[BlackElo "2507"]
[TimeControl "180+1"]
[EndTime "8:28:53 PDT"]
[Termination "Alexander_Moskalenko won by resignation"]

1. d4 Nf6 2. Bg5 Ne4 3. h4 h6 4. Bf4 d5 5. Nd2 Nxd2 6. Qxd2 Bf5 7. f3 c6 8. O-O-O e6 9. g4 Bh7 10. g5 h5 11. e3 Bd6 12. Ne2 Na6 13. Bxd6 Qxd6 14.
Nf4 Nc7 15. Nxh5 O-O-O 16. Nxg7 Rdg8 17. Nh5 Bxc2 18. Qxc2 Rxh5 19. f4 Rgh8 20. Qf2 c5 21. Be2 R5h7 22. dxc5 Qxc5+ 23. Kb1 Kb8 24. Bd3 Rh5 25.
Be2 R5h7 26. h5 Rg7 27. h6 Rgg8 28. Bd3 Ne8 29. Rc1 Qb6 30. Qc2 Nd6 31. h7 Rc8 32.
Qd2 Rxc1+ 33. Qxc1 a6 34. Qc3 Qd8 35. Qe5 Ka8 36.
Rc1 Nc4 37. Qd4 Nd6 38. a3 Nf5 39. Bxf5 exf5 40. Qg7 Qe8 41. Ka1 Kb8 42. g6 fxg6 43. Rc7 Ka8 44. Rxb7 Qc8 45. Rc7 Qb8 46. Ra7+ 1-0

[Event "Early-Titled-Tuesday-Blitz-August-29-2023"]
[Site "Chess.com"]
[Date "2023.08.29"]
[Round "3"]
[White "Agibileg"]
[Black "whiteglovethief"]
[Result "1-0"]
[WhiteElo "2610"]
[BlackElo "2423"]
[TimeControl "180+1"]
[EndTime "8:28:53 PDT"]
[Termination "Agibileg won by resignation"]

1. d4 d5 2. c4 e6 3. Nc3 h6 4. Nf3 Nf6 5. cxd5 exd5 6. Bf4 Bd6 7. Ne5 c5 8. e3 cxd4 9. exd4 O-O 10. Bd3 Nc6 11.
O-O Nxd4 12. Rc1 Nc6 13. Nxc6 bxc6 14. Bxd6 Qxd6 15. Na4 Bg4 16. Qc2 Rac8 17. Nc5 Nd7 18. h3 Nxc5 19. Qxc5 Qxc5 20. Rxc5 Bd7 21. Rfc1 Rfe8 22.
b4 Kf8 23. Kf1 Ke7 24. Ra5 Ra8 25. Ba6 Reb8 26. a3 Kd6 27. Ke2 Re8+ 28. Kd3 Rab8 29.
f3 Re7 30. Kd4 Bc8 31. Bxc8 Rxc8 32. Rxd5+ cxd5 33. Rxc8 Re2 34. Ra8 Rd2+ 35. Ke3 Rxg2 36. Rxa7 f5 37. h4 g5 38. hxg5 hxg5 39. b5 Kc5 40. a4 Ra2 41. Rc7+ Kd6 42. Rc6+ Ke5 43.
Ra6 Ra3+ 44. Ke2 Kf4 45. b6 Ra2+ 46. Kd3 Rb2 47. a5 Kxf3 48. Ra7 g4 49. Rf7 f4 50. b7 g3 51. a6 g2 52. Rg7 Rb6 53. Rxg2 Kxg2 54. a7 Rxb7 55. a8=Q Rb3+ 56. Kc2 Rb6 57. Qg8+ Kf1 58. Qxd5 1-0

[Event "Early-Titled-Tuesday-Blitz-August-29-2023"]
[Site "Chess.com"]
[Date "2023.08.29"]
[Round "3"]
[White "jinbojinbo"]
[Black "Rsnr"]
[Result "0-1"]
[WhiteElo "2691"]
[BlackElo "2907"]
[TimeControl "180+1"]
[EndTime "8:28:54 PDT"]
[Termination "Rsnr won by checkmate"]

1. c4 c6 2. Nf3 d5 3. e3 Nf6 4. b3 e6 5. Bb2 Bd6 6. Nc3 O-O 7. Be2 e5 8. cxd5 cxd5 9. O-O Nc6 10. a3 e4 11. Nd4 Nxd4 12. exd4 Bb8 13. Re1 a5 14. a4 Qd6 15. g3 Re8 16. Nb5 Qe6 17. Rc1 Qh3 18. Bf1 Qh6 19. Bg2 Bg4 20. f3 Bf5 21. fxe4 Ng4 22. exf5 Rxe1+ 23. Qxe1 Qxh2+ 24. Kf1 Bxg3 25. Qe2 Qh5 26. Bf3 h6 27. Kg2 Qh2+ 28. Kf1 Qh4 29. Kg2 Nf2 30. Bxd5 Qh3+ 31. Kg1 Bh2+ 32. Kxf2 Qg3+ 33.
Kf1 Qg1# 0-1

[Event "Early-Titled-Tuesday-Blitz-August-29-2023"]
[Site "Chess.com"]
[Date "2023.08.29"]
[Round "3"]
[White "Alexei_Gubajdullin"]
[Black "wonderfultime"]
[Result "0-1"]
[WhiteElo "2631"]
[BlackElo "2963"]
[TimeControl "180+1"]
[EndTime "8:28:55 PDT"]
[Termination "wonderfultime won by resignation"]

1. d4 d5 2. Nf3 Nf6 3. Bf4 c5 4. e3 Qb6 5. Nc3 Bd7 6. Rb1 e6 7.
a3 Bd6 8. Bxd6 Qxd6 9. Ne5 O-O 10. f4 Nc6 11. Be2 a6 12. O-O Rfd8 13. Bf3 Rac8 14.
Ne2 cxd4 15. exd4 Ne4 16. Ng3 f5 17. c3 Be8 18. Ne2 Ne7 19. a4 b5 20. axb5 Bxb5 21.
Re1 Rb8 22. Nc1 Ng6 23. Ncd3 Bxd3 24. Nxd3 Nxf4 25. Bxe4 dxe4 26. Nc5 Rb5 27. b4 a5 28. Qa4 Rdb8 29. g4 axb4 30. Na6 Nh3+ 31. Kg2 Qf4 32. Rf1 Qxg4+ 33. Kh1 e3 34. Qc2 e2 35. Nxb8 Rxb8 36. d5 b3 37. Qd3 exf1=Q+ 38. Rxf1 b2 39. dxe6 Nf2+ 40. Rxf2 b1=Q+ 41. Rf1 Qxd3 0-1

[Event "Early-Titled-Tuesday-Blitz-August-29-2023"]
[Site "Chess.com"]
[Date "2023.08.29"]
[Round "3"]
[White "hurricane7791"]
[Black "aghasiyevkamal"]
[Result "0-1"]
[WhiteElo "2726"]
[BlackElo "2502"]
[TimeControl "180+1"]
[EndTime "8:28:56 PDT"]
[Termination "aghasiyevkamal won by resignation"]

1. d4 Nf6 2. c4 e6 3. Nc3 d5 4. cxd5 exd5 5. Bg5 c6 6. e3 Nbd7 7. Bd3 Be7 8. Qc2 h6 9. Bh4 Nh5 10. Bg3 Nxg3 11. hxg3 Nf6 12. Nf3 Be6 13. Ne5 O-O 14. f4 c5 15. O-O-O Rc8 16. Kb1 cxd4 17. exd4 Bb4 18. Rc1 Ne4 19. Bxe4 dxe4 20. Qxe4 Bxc3 21. bxc3 Qa5 22. c4 Qb4+ 23. Ka1 Bxc4 24. d5 b5 25. Rhd1 Qa4 26. Nxc4 Rxc4 27. Qe2 Rxc1+ 28. Rxc1 Qd4+ 29. Qb2 Qxd5 30. g4 Re8 31. g3 Qd3 32. Qc3 Qe2 33.
Rc2 Qxg4 34. Kb2 Qd1 35. Rd2 Qe1 36. Qd3 Rc8 37. Rd1 Qb4+ 38. Qb3 Qc5 39. Qd3 a5 40. Qd2 b4 41. Qd3 a4 42. Qd2 Qc4 43. Qd3 Qc5 44.
Qd2 h5 45. Qd3 a3+ 46. Kb3 Qc3+ 47. Qxc3 Rxc3+ 48. Kxb4 Rxg3 49. Rh1 g6 50. Re1 Kg7 51. Re5 h4 52. f5 g5 53. Rb5 h3 0-1

[Event "Early-Titled-Tuesday-Blitz-August-29-2023"]
[Site "Chess.com"]
[Date "2023.08.29"]
[Round "3"]
[White "Ducke13"]
[Black "Sadykov_Ramil"]
[Result "0-1"]
[WhiteElo "2428"]
[BlackElo "2620"]
[TimeControl "180+1"]
[EndTime "8:28:56 PDT"]
[Termination "Sadykov_Ramil won by checkmate"]

1. d4 Nf6 2. g3 d5 3. Nf3 Bf5 4. c4 c6 5. Nc3 e6 6. Nh4 Be4 7.
f3 Bg6 8. Qb3 Qb6 9. Nxg6 hxg6 10. c5 Qc7 11. e4 dxe4 12. Bf4 Qc8 13. fxe4 Nbd7 14. Bd6 Bxd6 15. cxd6 e5 16. O-O-O b5 17. Kb1 a5 18. d5 b4 19. dxc6 Qxc6 20. Bb5 Qb7 21. Nd5 O-O 22. Bxd7 Qxd7 23. g4 Qxg4 24. Nxf6+ gxf6 25. Qe3 Rfd8 26. h4 Ra6 27. h5 Raxd6 28. Rxd6 Rxd6 29. Rc1 Rd1 30. Qc5 Qxe4+ 31. Ka1 Rxc1+ 32.
Qxc1 gxh5 33. Qg1+ Kh7 34. Qh1 Qxh1# 0-1

[Event "Early-Titled-Tuesday-Blitz-August-29-2023"]
[Site "Chess.com"]
[Date "2023.08.29"]
[Round "3"]
[White "LiamPutnam2008"]
[Black "crescentmoon2411"]
[Result "0-1"]
[WhiteElo "2801"]
[BlackElo "3030"]
[TimeControl "180+1"]
[EndTime "8:28:57 PDT"]
[Termination "crescentmoon2411 won by resignation"]

1. e4 g6 2. d4 Bg7 3. Nc3 d6 4. Be3 a6 5. Qd2 Nd7 6. h4 Ngf6 7. Bh6 Bxh6 8. Qxh6 c5 9. dxc5 Nxc5 10. Bd3 Qb6 11. O-O-O Be6 12. Nf3 Ng4 13. Qg7 O-O-O 14. Rhf1 Nxf2 15.
Rd2 Rhg8 16. Qd4 Nfxd3+ 17. cxd3 Bxa2 18. Kd1 e5 19. Qe3 Be6 20. Ke2 Kb8 21. Ng5 Bg4+ 22. Ke1 f5 23. Nd5 Qb3 24. d4 Qxe3+ 25. Nxe3 Nb3 26.
Rd3 Nxd4 27. Nxg4 fxg4 28. Rf7 h6 29. Nh7 Rc8 30. Nf6 Rc1+ 31. Kd2 Rgc8 32. Rc3 Rc2+ 33. Kd3 R2xc3+ 34. bxc3 Ne6 35. Nxg4 h5 36. Ne3 Nc5+ 37. Ke2 Nxe4 38. c4 a5 39. Rg7 a4 40. Rxg6 a3 41.
Kd3 a2 42. Nc2 d5 43. Rb6 Rxc4 44. Rb2 Rxc2 45. Kxc2 a1=Q 0-1

[Event "Early-Titled-Tuesday-Blitz-August-29-2023"]
[Site "Chess.com"]
[Date "2023.08.29"]
[Round "3"]
[White "Road2GM3000"]
[Black "Orujov2008"]
[Result "0-1"]
[WhiteElo "2422"]
[BlackElo "2609"]
[TimeControl "180+1"]
[EndTime "8:28:58 PDT"]
[Termination "Orujov2008 won by resignation"]

1. d4 Nf6 2. c4 e6 3. Nc3 Bb4 4. Nf3 b6 5. Bg5 h6 6. Bh4 g5 7. Bg3 Bb7 8. e3 Ne4 9. Qc2 d6 10. Bd3 f5 11. d5 Nd7 12. Bxe4 fxe4 13. Qxe4 Bxc3+ 14. bxc3 Qe7 15. Qxe6 Qxe6 16. dxe6 Nc5 17.
O-O Nxe6 18. Nd4 Nc5 19. h4 O-O-O 20. hxg5 hxg5 21. f3 g4 22. Kf2 gxf3 23. gxf3 Rdf8 24. Bf4 Nd3+ 25. Ke2 Nxf4+ 26. exf4 Rxf4 27. Rf2 Re8+ 28. Kd3 Ba6 29. Nb5 Kb8 30. Rg1 Ref8 31. Rg3 R8f6 32. a4 c6 33. Rg8+ Rf8 34. Rxf8+ Rxf8 35. Nd4 Kb7 36.
f4 d5 37. f5 Bxc4+ 38. Ke3 c5 39. Ne6 d4+ 40. Ke4 Bxe6 41. cxd4 Bxf5+ 42. Rxf5 Rxf5 43. Kxf5 cxd4 44. Ke4 Ka6 45. Kxd4 Ka5 0-1

[Event "Early-Titled-Tuesday-Blitz-August-29-2023"]
[Site "Chess.com"]
[Date "2023.08.29"]
[Round "3"]
[White "nassimzrikem"]
[Black "Dmitry_Konenkin"]
[Result "0-1"]
[WhiteElo "2094"]
[BlackElo "2385"]
[TimeControl "180+1"]
[EndTime "8:28:58 PDT"]
[Termination "Dmitry_Konenkin won by resignation"]

1. d4 d6 2. e4 Nf6 3. Nc3 e5 4. Nf3 Nbd7 5. Rg1 g6 6. g4 Bg7 7. g5 Nh5 8. d5 O-O 9. Be3 f5 10. gxf6 Ndxf6 11. Be2 Nf4 12. Bxf4 exf4 13. e5 dxe5 14.
d6 Qxd6 15. Bc4+ Kh8 16. Ng5 Bf5 17. Qxd6 cxd6 18. O-O-O Rac8 19. Nf7+ Rxf7 20. Bxf7 Bf8 21. Rd2 Kg7 22. Bd5 b6 23. f3 Be7 24. Ne4 Nxd5 25.
Rxd5 Be6 26. Rd2 d5 27. Ng5 Bg8 28. h4 Bc5 29. Re1 Be3 30. Kd1 Bxd2 31. Kxd2 Re8 32.
Nh3 Bf7 33. Nf2 h6 34. Nd3 Kf6 35. Nb4 g5 36. hxg5+ hxg5 37. Nd3 e4 38. Nb4 e3+ 39. Kc3 Rc8+ 40. Kd4 Rc4+ 0-1

[Event "Early-Titled-Tuesday-Blitz-August-29-2023"]
[Site "Chess.com"]
[Date "2023.08.29"]
[Round "3"]
[White "Herman-NY"]
[Black "Markov_Mikhail"]
[Result "1-0"]
[WhiteElo "2474"]
[BlackElo "2614"]
[TimeControl "180+1"]
[EndTime "8:29:00 PDT"]
[Termination "Herman-NY won on time"]

1. e4 c5 2. Nf3 d6 3. d4 cxd4 4. Nxd4 Nf6 5. Nc3 a6 6. Bc4 e6 7. a3 Be7 8. Ba2 O-O 9. g4 Nc6 10. g5 Nxd4 11. Qxd4 Nd7 12. f4 e5 13. Qg1 exf4 14.
Bxf4 Ne5 15. O-O-O Ng6 16. Be3 Be6 17. Nd5 Rc8 18.
h4 Ne5 19. Kb1 Nc4 20. Bc1 Bxd5 21. Rxd5 Qc7 22. Rh2 Rfe8 23. h5 b5 24. g6 Bf6 25.
Rf5 Qe7 26. Rhf2 fxg6 27. hxg6 h6 28. Bxh6 Qxe4 29. Bc1 Qe1 30. Rf1 Qe4 31. Qh2 d5 32.
Qh7+ Kf8 33. Rxf6+ Ke7 34. Qxg7+ Kd8 35. Rf7 Ne5 36.
Bg5+ 1-0

[Event "Early-Titled-Tuesday-Blitz-August-29-2023"]
[Site "Chess.com"]
[Date "2023.08.29"]
[Round "3"]
[White "Mmukka"]
[Black "Beltraxtor"]
[Result "0-1"]
[WhiteElo "2436"]
[BlackElo "2638"]
[TimeControl "180+1"]
[EndTime "8:29:00 PDT"]
[Termination "Beltraxtor won on time"]

1. e4 d6 2. d4 Nf6 3. Nc3 e5 4. Nf3 Nbd7 5. Rg1 g6 6. g4 Bg7 7. g5 Nh5 8. Be3 O-O 9. Qd2 c6 10. O-O-O Re8 11. Kb1 Qc7 12. Be2 a6 13. Nh4 Nf4 14.
Bxf4 exf4 15. Qxf4 b5 16. Bg4 b4 17. Ne2 a5 18.
Nf5 gxf5 19. Bxf5 c5 20. Qh4 Nf8 21. Ng3 Ng6 22. Qg4 cxd4 23. Nh5 a4 24. Nxg7 Kxg7 25.
h4 b3 26. Rd2 bxa2+ 27. Ka1 a3 28. Rd3 Qxc2 29. Rxa3 Rxa3 30. bxa3 Qc3+ 31. Kxa2 Qc2+ 32. Ka1 Ba6 33. Qd1 Qc3+ 34. Ka2 Bc4+ 0-1

[Event "Early-Titled-Tuesday-Blitz-August-29-2023"]
[Site "Chess.com"]
[Date "2023.08.29"]
[Round "3"]
[White "BashirliSaadat"]
[Black "DrDreBeats"]
[Result "0-1"]
[WhiteElo "2391"]
[BlackElo "2598"]
[TimeControl "180+1"]
[EndTime "8:29:00 PDT"]
[Termination "DrDreBeats won by checkmate"]

1. d4 Nf6 2. e3 g6 3. Bd3 Bg7 4. f4 O-O 5. Nf3 c5 6. c3 d5 7.
Nbd2 Nc6 8. O-O Nd7 9. Qe2 c4 10.
Bc2 b5 11. e4 e6 12. f5 exf5 13.
exf5 b4 14. Ba4 Qc7 15. Re1 Nb6 16. Bxc6 Qxc6 17. fxg6 hxg6 18. Ne5 Qc7 19. Ndf3 Bf5 20. Bf4 Qb7 21. Nh4 Be4 22. Qg4 Qc8 23. Qg3 bxc3 24. bxc3 Nd7 25. Nxd7 Qxd7 26. Be5 Bxe5 27. Qxe5 Qg4 28.
Qg3 Qxg3 29. hxg3 Rab8 30. Re2 Rb6 31. Nf3 f6 32. Nd2 Rb2 33. Kf2 Bd3 34. Rae1 Bxe2 35.
Rxe2 Rxa2 36. g4 a5 37. Ke1 Rb8 38. Re7 Kf8 39. Rd7 Ra1+ 40. Ke2 Rb2 41. Rxd5 Raa2 42. Rc5 Rxd2+ 43. Ke3 Rxg2 44. Rxc4 Rg3+ 45. Kf4 Rag2 46. Rc8+ Ke7 47. Rc7+ Kd6 48. Rg7 Rxg4+ 49. Ke3 R2g3+ 50. Kd2 Rh4 51. Rf7 Rh2+ 52. Ke1 Rg1# 0-1

[Event "Early-Titled-Tuesday-Blitz-August-29-2023"]
[Site "Chess.com"]
[Date "2023.08.29"]
[Round "3"]
[White "AquivaRubinstein"]
[Black "LionTheLeon_06"]
[Result "0-1"]
[WhiteElo "2487"]
[BlackElo "2774"]
[TimeControl "180+1"]
[EndTime "8:29:01 PDT"]
[Termination "LionTheLeon_06 won by checkmate"]

1. d4 Nf6 2. c4 e6 3. Nc3 d5 4. Nf3 a6 5. cxd5 exd5 6. Bf4 Bd6 7. Bg3 c6 8. e3 Bxg3 9. hxg3 Bf5 10. Nh4 Be6 11. Bd3 Nbd7 12. Qc2 Qe7 13. O-O-O O-O-O 14. Kb1 Kb8 15. Na4 g6 16. Nf3 Ne8 17. Nd2 Nd6 18.
f3 f5 19. Nb3 h5 20. Nac5 Nxc5 21. Nxc5 Bc8 22. Rhe1 Rhe8 23. Qb3 Ka7 24. a4 b6 25. a5 bxc5 26. Qb6+ Ka8 27. dxc5 Nc4 28. Bxc4 dxc4 29.
Qxc6+ Bb7 30. Qxg6 Qxc5 31. Rd7 c3 32. b3 Qb5 33.
Kc2 Qxd7 34. Re2 Qd3+ 35. Kc1 Qd1# 0-1

[Event "Early-Titled-Tuesday-Blitz-August-29-2023"]
[Site "Chess.com"]
[Date "2023.08.29"]
[Round "3"]
[White "KononenkoD"]
[Black "Muracle"]
[Result "0-1"]
[WhiteElo "2651"]
[BlackElo "2481"]
[TimeControl "180+1"]
[EndTime "8:29:01 PDT"]
[Termination "Muracle won by checkmate"]

1. e4 c5 2. Nf3 Nc6 3. d4 cxd4 4. Nxd4 Nf6 5. Nc3 e5 6. Ndb5 d6 7. Bg5 a6 8. Na3 b5 9. Bxf6 gxf6 10. Nd5 f5 11. Bxb5 axb5 12. Nxb5 Ra4 13. b4 Rxb4 14. Nbc7+ Kd7 15. Nxb4 Nxb4 16. Nd5 Nxd5 17. Qxd5 Ke7 18. O-O Be6 19. Qb7+ Qd7 20. Rfb1 Qxb7 21. Rxb7+ Kf6 22.
exf5 Bxf5 23. c4 Rg8 24. g3 Bd3 25. Rc7 Be7 26. a4 Ra8 27. Rc6 Ke6 28. a5 Kd7 29. Rb6 Bxc4 30. a6 Bd8 31. Rb7+ Bc7 32. a7 d5 33. h4 Kc6 34. Rb4 Bb6 35. Rba4 Bd4 36. R1a3 Kb7 37. Rf3 Bb5 38. Rxf7+ Kb6 39. Rb4 Ka5 40.
Rb3 Rxa7 41. Rbf3 Bc4 42. Rxa7+ Bxa7 43. Rf7 Bc5 44. Rxh7 d4 45. Rd7 d3 46. h5 Bd4 47.
Rb7 Bb5 48. h6 d2 49. h7 d1=Q+ 50. Kg2 Bc6+ 51. Kh3 Qh1+ 52. Kg4 Bxb7 53. Kf5 Qxh7+ 54. Ke6 Qe4 55. Kd6 Qf3 56. g4 Qxf2 57. g5 Qg3 58. g6 Qxg6+ 59. Kc7 Qc6+ 60. Kb8 Qc8# 0-1

[Event "Early-Titled-Tuesday-Blitz-August-29-2023"]
[Site "Chess.com"]
[Date "2023.08.29"]
[Round "3"]
[White "ChEsper99"]
[Black "workhard91"]
[Result "0-1"]
[WhiteElo "2130"]
[BlackElo "2415"]
[TimeControl "180+1"]
[EndTime "8:29:01 PDT"]
[Termination "workhard91 won on time"]

1. e4 c5 2. c3 Nf6 3. e5 Nd5 4. d4 cxd4 5. cxd4 d6 6. Nf3 Nc6 7. Bc4 e6 8. Qe2 dxe5 9. dxe5 Be7 10. O-O O-O 11. Rd1 Qc7 12. Nc3 Nxc3 13. bxc3 b6 14. h4 Bb7 15. h5 Rfd8 16. Bf4 Rxd1+ 17. Rxd1 Rd8 18. h6 Rxd1+ 19. Qxd1 g6 20. Qd2 Na5 21. Be2 Bd5 22. Bg5 Bf8 23. Qe3 Nc4 24. Bxc4 Qxc4 25.
Nh2 Bc5 26. Qf4 Qxf4 27. Bxf4 Bxa2 28. Ng4 Be7 29. Nf6+ Kh8 30. Kf1 Bc4+ 31. Ke1 a5 32. Kd2 a4 33. Kc2 b5 34. Be3 Bf1 35. g4 Bc4 36. g5 a3 37. Bd4 a2 38. Kb2 Ba3+ 39.
Ka1 Bc1 40. Nd7 Bxg5 0-1

[Event "Early-Titled-Tuesday-Blitz-August-29-2023"]
[Site "Chess.com"]
[Date "2023.08.29"]
[Round "3"]
[White "The_Princess_Moon"]
[Black "Casper"]
[Result "1-0"]
[WhiteElo "2189"]
[BlackElo "2401"]
[TimeControl "180+1"]
[EndTime "8:29:04 PDT"]
[Termination "The_Princess_Moon won on time"]

1. e4 c5 2. Nf3 d6 3. c3 Nf6 4. h3 a5 5. Bd3 a4 6. Bc2 a3 7.
Nxa3 g6 8. O-O Bg7 9. d4 cxd4 10.
cxd4 O-O 11. Nb5 Qa5 12. Nc3 Qh5 13. e5 dxe5 14. dxe5 Nfd7 15. Nd5 Nc6 16. e6 fxe6 17.
Nf4 Qa5 18. Nxe6 Rd8 19. Nxd8 Nxd8 20. Bb3+ Kh8 21. Ng5 h6 22. Nf7+ Nxf7 23. Bxf7 Qf5 24. Bb3 Nc5 25. Bc2 Qf6 26. Qd5 Ne6 27. a3 Nd4 28. Bd3 Be6 29. Qxb7 Rf8 30. Be3 Qh4 31. Qe4 Ne2+ 32. Kh2 Qh5 33. Bxe2 Be5+ 34. f4 Qxe2 35. Qxe5+ Rf6 36. Bd4 Qc2 37. Qxe6 Kh7 38. Qxe7+ Kg8 39.
Bxf6 1-0